 Dungeon Crawl Stone Soup version 0.29.1-1-gd02db6906a (webtiles) character file.

Game seed: 6889678096473631056

224 firemarshallily the Magician (level 6, -3/47 HPs)
             Began as a Djinni Conjurer on Oct 12, 2022.
             Was a Follower of Nemelex Xobeh.
             Killed by nerve-wracking pain
             ... invoked by an orc priest
              (14 damage)
             ... on level 4 of the Dungeon.
             The game lasted 00:13:19 (3747 turns).

firemarshallily the Magician (Djinni Conjurer)      Turns: 3747, Time: 00:13:20

Health: -3/47      AC:  2    Str:  6    XL:     6   Next: 20%
Gold:   73         EV: 12    Int: 21    God:    Nemelex Xobeh [*.....] SH:  0 Dex: 12

rFire   + + .      SeeInvis .   c - +0 dagger
rCold   x . .      Faith    .   (no shield)
rNeg    . . .      Spirit   .   a - +0 robe
rPois   ∞          Reflect  .   (no helmet)
rElec   .          Harm     .   (no cloak)
rCorr   .          Rampage  .   (no gloves)
Will    .....                   (boots unavailable)
Stlth   ++........              (no amulet)
HPRegen 0.15/turn               (no ring)
MPRegen 0.00/turn               (no ring)

@: flying
A: sickness immunity, fire resistance 2, cold vulnerability 1, float, innate
caster, HP casting, extra vitality 1
a: Renounce Religion, Draw Escape, Draw Destruction, Draw Summoning


You were on level 4 of the Dungeon.
You worshipped Nemelex Xobeh.
Nemelex Xobeh was aware of your devotion.
You visited 1 branch of the dungeon, and saw 4 of its levels.

You collected 121 gold pieces.
You spent 48 gold pieces at shops.

Inventory:

Hand Weapons
 c - a +0 dagger (weapon)
Missiles
 e - 5 poisoned darts
Armour
 a - a +0 robe (worn)
 f - a +0 leather armour
Wands
 j - a wand of flame (7)
Scrolls
 d - 2 scrolls of silence
 h - a scroll of torment {unknown}
Potions
 b - 2 potions of degeneration {unknown}
 g - 3 potions of curing {unknown}
 i - a potion of heal wounds {unknown}


   Skills:
 * Level 3.8 Fighting
 - Level 2.1 Dodging
 - Level 1.5 Stealth
 * Level 4.5 Spellcasting


You couldn't memorise any spells.
You knew the following spells:

 Your Spells              Type           Power      Damage    Failure   Level
a - Magic Dart            Conj           92%        1d7       1%          1
b - Searing Ray           Conj           46%        2d6       2%          2
c - Dazzling Flash        Conj/Hex       46%        N/A       5%          3
d - Fulminant Prism       Conj/Hex       11%        3d9       19%         4
e - Iskenderun's Mystic   Conj/Tloc      23%        2d6       19%         4
f - Slow                  Hex            92%        N/A       1%          1
g - Ensorcelled Hibernat  Hex/Ice        46%        N/A       2%          2
Your spell library was empty.

Dungeon Overview and Level Annotations

Branches:
Dungeon (4/15)
 Temple: D:4-7

Altars:
Nemelex Xobeh

Shops:
D:2 *


Innate Abilities, Weirdness & Mutations

You are immune to sickness and miasma.
You are immune to poison.
Your flesh is very heat resistant. (rF++)
You are vulnerable to cold. (rC-)
You float through the air rather than walking.
You learn spells naturally, not from books.
Your magical power is your life essence.
You have superior vitality. (+4 MHP)


Message History

Aim: an orc priest, wielding a +0 trident (100% to hit)
You miscast Magic Dart.
You are very lightly contaminated with residual magic.
Nothing appears to happen.
The orc priest shouts!
Casting: Magic Dart (safe; 1% risk of failure)
Confirm with . or Enter, or press ? or * to list all spells.
Aiming: Searing Ray (safe; 2% risk of failure)
Press: ? - help, Shift-Dir - straight line, p - orc priest The searing ray hits the orc priest!
The orc priest is heavily wounded. (Press . to maintain the ray.)
The orc priest calls down the wrath of Beogh upon you.
Beogh smites you!
The searing ray hits the orc priest.
The orc priest is severely wounded.
The orc priest hits you but does no damage.
The searing ray hits the orc priest!
You kill the orc priest!
The orc priest calls down the wrath of Beogh upon you.
Pain shoots through your body!
* * * LOW HITPOINT WARNING * * *
Your magical contamination has completely faded away.
Casting: Searing Ray (safe; 2% risk of failure)
Confirm with . or Enter, or press ? or * to list all spells.
Aiming: Searing Ray (safe; 2% risk of failure)
Press: ? - help, Shift-Dir - straight line, f - orc priest
Aim: an orc priest, wielding a +0 hand axe (78% to hit)
The searing ray hits the orc priest.
The orc priest is moderately wounded. (Press . to maintain the ray.)
* * * LOW HITPOINT WARNING * * *
The orc priest invokes the aid of Beogh against you.
You struggle to resist.
The searing ray misses the orc priest.
* * * LOW HITPOINT WARNING * * *
The orc priest invokes the aid of Beogh against you.
Pain shoots through your body!
You die...
Your body glows slightly and disappears.

...# #..# #..# #).#
#..# ##o#
##......######.# .
#..........##..##
..#...........#@..#
..............#...##
#..................#
####
#................###..#
#.................#...#
#............#..#..##
###.<..##....#.....#
##.........#...###
###............###


You could see an orc priest.

Vanquished Creatures
  An orc priest (D:4)
  Ijyb (D:3)
  Terence (D:2)
  6 adders
  2 worms (D:2)
  3 dart slugs (D:1)
  An orc (D:4)
  3 bats
  6 endoplasms
  5 giant cockroaches
  4 goblins
  9 hobgoblins
  4 jackals (D:2)
  4 quokkas
  5 ball pythons
  3 frilled lizards
  6 kobolds
  10 rats
74 creatures vanquished.

Vanquished Creatures (others)
  A plant (D:3)
1 creature vanquished.

Grand Total: 75 creatures vanquished

Notes
Turn   | Place    | Note
-------+----------+-------------------------------------------
     0 | D:1      | firemarshallily the Djinni Conjurer began the quest for the
                  | Orb.
     0 | D:1      | firemarshallily set off with the following spells
                  | memorised: Magic Dart, Searing Ray, Dazzling Flash,
                  | Fulminant Prism, Iskenderun's Mystic Blast.
     0 | D:1      | Reached XP level 1. HP: 15/15 MP: 0/0
   269 | D:1      | Reached XP level 2. HP: 21/22 MP: 0/0
   271 | D:1      | Reached skill level 1 in Fighting
   523 | D:1      | Reached XP level 3. HP: 21/27 MP: 0/0
   523 | D:1      | Learned a level 1 spell: Slow
  1228 | D:2      | Reached XP level 4. HP: 22/33 MP: 0/0
  1333 | D:2      | Found Yphu's Assorted Antiques.
  1574 | D:2      | Bought a scroll labelled KIPSIE RUINUOS for 24 gold pieces
  1574 | D:2      | Bought a scroll labelled QUCSEI XOYTT for 24 gold pieces
  2043 | D:2      | Noticed Terence
  2058 | D:2      | Reached skill level 4 in Spellcasting
  2060 | D:2      | Killed Terence
  2061 | D:2      | Reached XP level 5. HP: 21/40 MP: 0/0
  2061 | D:2      | Learned a level 2 spell: Ensorcelled Hibernation
  3018 | D:3      | Noticed Ijyb
  3033 | D:3      | Killed Ijyb
  3409 | D:3      | Found a faded altar of an unknown god.
  3416 | D:3      | Prayed at the altar of an unknown god.
  3416 | D:3      | Became a worshipper of Nemelex Xobeh the Trickster
  3416 | D:3      | Reached * piety under Nemelex Xobeh
  3416 | D:3      | Received a gift from Nemelex Xobeh
  3552 | D:3      | Reached XP level 6. HP: 41/46 MP: 0/0
  3747 | D:4      | Killed from afar by an orc priest

Illustrated notes

Levels and vault maps discovered:
D:1:      dreamdust_arrival_beginning_and_end, layout_rooms
D:2:      layout_loops_cross, serial_shops, nicolae_shop_statue_plus,
          corexii_leaking_fountain, uniq_terence
D:3:      layout_basic, shapermc_ecumenical_altar_mp_ritualfount,
          kennysheep_flooded_box, chequers_serial_rivers_micro_e, uniq_ijyb
D:4:      dreamdust_elfheim, layout_cave_pods,
          pdpol_temple_overflow_zin_treasury_gozag_greed, uniq_pikel,
          uniq_sigmund

Skill      XL: |  1  2  3  4  5 |
---------------+----------------+-----
Fighting       | 1 2 3 |  3.8
Spellcasting   | 4 |  4.5
Dodging        | |  2.1
Stealth        | |  1.5

Action                   |  1- 3 |  4- 6 || total
-------------------------+-------+-------++-------
Melee: Dagger            |    14 |    50 ||    64
 Cast: Magic Dart        |    69 |    92 ||   161
       Searing Ray       |       |     5 ||     5
       Slow              |       |     1 ||     1
  Use: Scroll            |       |     5 ||     5
Armor: Robe              |     1 |     9 ||    10
Dodge: Dodged            |    10 |    44 ||    54
